[Event "Titled Tuesday Blitz January 17 Late 2023"]
[White "reevecanada"]
[Black "Andreassen, Lars"]
[BlackFideId "1504878"]
[WhiteElo "2474"]
[BlackElo "2168"]
[Result "1-0"]
[Round "04"]
[TimeControl "180+2"]
[Date "2023.01.17"]
[WhiteClock "0:01:49"]
[BlackClock "0:00:18"]

1. Nf3 d5 2. e3 e6 3. d4 Nf6 4. Bd3 b6 5. c4 Be7 6. cxd5 exd5 7. Nc3 O-O 8. O-O Be6 9. Re1 c5 10. e4 cxd4 11. exd5 Nxd5 12. Nxd4 Nxc3 13. bxc3 Bd5 14. Bh6 Bf6 15. Qg4 Nc6 16. Nf5 Be6 17. Bxg7 Bxf5 18. Qxf5 Qxd3 19. Qxd3 Bxg7 20. Re2 Rad8 21. Qg3 Rd5 22. h4 Rc5 23. Re3 Ne5 24. h5 h6 25. Rd1 Nc4 26. Re7 Rg5 27. Qf3 Ne5 28. Qe2 Bf6 29. f4 Bxe7 30. fxg5 Bc5+ 31. Kh1 1-0


[Site "https://www.chess.com"]

[Event "Titled Tuesday Blitz January 17 Late 2023"]
[White "Almedina Ortiz, Edgardo J."]
[Black "Rojas Salas, Steven"]
[WhiteFideId "3100197"]
[BlackFideId "3819434"]
[WhiteElo "2156"]
[BlackElo "2217"]
[Result "0-1"]
[Round "04"]
[TimeControl "180+2"]
[Date "2023.01.17"]
[WhiteClock "0:00:01"]
[BlackClock "0:00:58"]

1. Nf3 d5 2. e3 c5 3. b3 g6 4. Bb2 Nf6 5. Bb5+ Nbd7 6. Ne5 Bg7 7. Bxd7+ Bxd7 8. O-O O-O 9. f4 Bb5 10. d3 d4 11. a4 Bc6 12. Nxc6 bxc6 13. e4 e6 14. Nd2 h5 15. Nc4 Nd7 16. Ba3 Qe7 17. Qd2 Kh7 18. Rae1 Bh6 19. Qa5 Rfc8 20. f5 Bg7 21. fxg6+ fxg6 22. Rf3 Qh4 23. Ref1 Rf8 24. Qc7 Rxf3 25. Rxf3 Rf8 26. Rxf8 Nxf8 27. Qg3 Qe7 28. Qd6 Qg5 29. h3 Qh4 30. Qxc5 Qe1+ 31. Kh2 h4 32. Qd6 Qf2 33. Qc7 Kg8 34. Bd6 Nh7 0-1


[Site "https://www.chess.com"]

[Event "Titled Tuesday Blitz January 17 Late 2023"]
[White "Ardila, Oscar Humberto"]
[Black "Novikov, Evgenij"]
[WhiteFideId "4404742"]
[BlackFideId "4125380"]
[WhiteElo "1982"]
[BlackElo "2276"]
[Result "0-1"]
[Round "04"]
[TimeControl "180+2"]
[Date "2023.01.17"]
[WhiteClock "0:00:24"]
[BlackClock "0:00:31"]

1. d4 Nf6 2. c4 c5 3. d5 b5 4. Qc2 d6 5. e4 g6 6. cxb5 Bg7 7. Nc3 O-O 8. Nf3 a6 9. a4 e6 10. dxe6 fxe6 11. Be2 axb5 12. Bxb5 d5 13. e5 Nh5 14. O-O Rxf3 15. gxf3 Bxe5 16. Ne2 Qh4 17. Ng3 Nf4 18. Bxf4 Qxf4 19. Rfe1 c4 20. Qc1 Qxc1 21. Raxc1 Bxb2 22. Rc2 Bf6 23. f4 Kf7 24. Ne2 Na6 25. Bxa6 Rxa6 26. Ra2 Bd7 27. a5 d4 28. Rb1 d3 29. Nc1 Bd4 30. Rb7 Ke8 31. Kf1 Rxa5 32. Rxa5 d2 33. Ra8+ Ke7 34. Ne2 d1=Q+ 35. Kg2 Qxe2 0-1


[Site "https://www.chess.com"]

[Event "Titled Tuesday Blitz January 17 Late 2023"]
[White "Hajiyev, Kanan"]
[Black "Fajdetic, Hrvoje"]
[WhiteFideId "13404148"]
[BlackFideId "14501945"]
[WhiteElo "2197"]
[BlackElo "2151"]
[Result "1-0"]
[Round "04"]
[TimeControl "180+2"]
[Date "2023.01.17"]
[WhiteClock "0:00:45"]
[BlackClock "0:00:19"]

1. d4 e6 2. c4 f5 3. Nf3 Nf6 4. g3 Be7 5. Bg2 O-O 6. O-O d6 7. b3 Qe8 8. Bb2 Nbd7 9. a4 Ne4 10. Nbd2 Ndf6 11. Nxe4 Nxe4 12. Nd2 Nxd2 13. Qxd2 Bf6 14. a5 a6 15. e4 e5 16. dxe5 Bxe5 17. Bxe5 Qxe5 18. exf5 Qxf5 19. Qd5+ Qxd5 20. Bxd5+ Kh8 21. Rfe1 c6 22. Bg2 Bf5 23. Re7 Rab8 24. Rd1 Rfd8 25. b4 Bc2 26. Rde1 Bb3 27. R1e4 d5 28. cxd5 Bxd5 29. Rg4 Bxg2 30. Kxg2 Rg8 31. h4 b6 32. Ra7 bxa5 33. bxa5 Ra8 34. Rgxg7 Rxg7 35. Rxa8+ Rg8 36. Rxa6 Rc8 37. Rb6 Kg7 38. a6 Kf7 39. Rb7+ Kg6 40. a7 Ra8 41. Rc7 Kf5 42. Rxh7 Ke6 43. Kf3 c5 44. Ke4 Kd6 45. Rh6+ Kc7 46. Kd5 1-0


[Site "https://www.chess.com"]

[Event "Titled Tuesday Blitz January 17 Late 2023"]
[White "Mortazavi, Ali"]
[Black "Papp, Petra"]
[WhiteFideId "401323"]
[BlackFideId "739049"]
[WhiteElo "2333"]
[BlackElo "2343"]
[Result "1-0"]
[Round "04"]
[TimeControl "180+2"]
[Date "2023.01.17"]
[WhiteClock "0:00:51"]
[BlackClock "0:00:57"]

1. e4 c5 2. Nc3 Nc6 3. f4 e6 4. Nf3 Nge7 5. g3 g6 6. d4 cxd4 7. Nxd4 Bg7 8. Be3 O-O 9. Qd2 Nxd4 10. Bxd4 Bxd4 11. Qxd4 Nc6 12. Qd6 Qe7 13. O-O-O a6 14. e5 Qxd6 15. Rxd6 Ne7 16. Bg2 Nf5 17. Rd3 Rb8 18. Ne4 Rd8 19. Rhd1 b5 20. Nf6+ Kg7 21. g4 Nh6 22. Rh3 Rb6 23. g5 Nf5 24. Rxh7+ Kf8 25. Be4 d5 26. Bxf5 exf5 27. Nxd5 Rb7 28. Rh8+ 1-0


[Site "https://www.chess.com"]

[Event "Titled Tuesday Blitz January 17 Late 2023"]
[White "Donskov, Anatoly"]
[Black "Michalski, Olaf"]
[WhiteFideId "24143413"]
[BlackFideId "1106740"]
[WhiteElo "2279"]
[BlackElo "2273"]
[Result "1-0"]
[Round "04"]
[TimeControl "180+2"]
[Date "2023.01.17"]
[WhiteClock "0:01:59"]
[BlackClock "0:00:20"]

1. e4 c5 2. Nf3 d6 3. d4 cxd4 4. Nxd4 Nf6 5. Nc3 a6 6. f4 e5 7. Nf3 Nc6 8. a4 Be7 9. Bd3 O-O 10. O-O exf4 11. Kh1 Ne5 12. Bxf4 Bg4 13. Qd2 Nxf3 14. gxf3 Be6 15. Rg1 g6 16. Ne2 Nd7 17. Bh6 Re8 18. f4 Qc7 19. b3 Nc5 20. Qc3 Bf8 21. Bxf8 Rxf8 22. b4 1-0


[Site "https://www.chess.com"]

[Event "Titled Tuesday Blitz January 17 Late 2023"]
[White "Torres Dominguez, David"]
[Black "Papayan, Oleg"]
[WhiteFideId "2220857"]
[BlackFideId "4193911"]
[WhiteElo "1994"]
[BlackElo "2253"]
[Result "0-1"]
[Round "04"]
[TimeControl "180+2"]
[Date "2023.01.17"]
[WhiteClock "0:00:01"]
[BlackClock "0:00:02"]

1. e4 d5 2. d3 dxe4 3. dxe4 Qxd1+ 4. Kxd1 Nf6 5. f3 e5 6. Be3 Be6 7. Nd2 Nbd7 8. Bc4 Bxc4 9. Nxc4 O-O-O 10. Ke2 Ne8 11. Nh3 f6 12. Nf2 Nd6 13. Nd2 Nb6 14. b3 Nb5 15. a4 Nd4+ 16. Bxd4 Rxd4 17. a5 Nd7 18. Nc4 Nc5 19. c3 Rd7 20. b4 Ne6 21. g3 Be7 22. Rad1 Rhd8 23. Rxd7 Rxd7 24. Rd1 Rxd1 25. Nxd1 Kd7 26. Nde3 Kc6 27. Na3 b6 28. axb6 cxb6 29. Kd3 a5 30. Nd5 Bf8 31. h4 axb4 32. cxb4 Nd4 33. f4 exf4 34. Kxd4 fxg3 35. Ke3 f5 36. Nc2 fxe4 37. Nf4 Bd6 38. Nd4+ Kd7 39. Nd5 b5 40. Ke2 g2 41. Kf2 Bg3+ 42. Kxg2 Bxh4 43. Nxb5 Be1 44. Nbc3 Kc6 45. b5+ Kc5 46. Nxe4+ Kxd5 47. Ng5 h6 0-1


[Site "https://www.chess.com"]

[Event "Titled Tuesday Blitz January 17 Late 2023"]
[White "Garcia Almaguer, Juan Manuel"]
[Black "Curtis, John"]
[WhiteFideId "5110491"]
[BlackFideId "3200256"]
[WhiteElo "2090"]
[BlackElo "2292"]
[Result "1-0"]
[Round "04"]
[TimeControl "180+2"]
[Date "2023.01.17"]
[WhiteClock "0:00:30"]
[BlackClock "0:00:08"]

1. e4 e6 2. d3 d5 3. Nd2 Ne7 4. g3 b6 5. Bg2 Bb7 6. Ne2 Nd7 7. a4 a5 8. h4 h5 9. Nf4 Nf6 10. e5 Nd7 11. d4 g6 12. c3 c5 13. Nf3 Ba6 14. Ng5 cxd4 15. cxd4 Nf5 16. Nxd5 exd5 17. Bxd5 Nxe5 18. Qb3 Bb4+ 19. Bd2 Nxd4 20. Bxf7+ Kf8 21. Bxb4+ axb4 22. Qxb4+ Kg7 23. O-O-O Ne2+ 24. Kb1 Bd3+ 25. Ka1 Nxf7 26. Ne6+ Kh7 27. Nxd8 Rhxd8 28. Rhe1 Bf5 29. Rxd8 Rxd8 30. Rxe2 Rd1+ 31. Ka2 Bb1+ 32. Ka3 Bd3 33. Re7 Ra1+ 34. Kb3 1-0


[Site "https://www.chess.com"]

[Event "Titled Tuesday Blitz January 17 Late 2023"]
[White "Souza, Gustavo Horokoski De"]
[Black "Sanchez, Robert"]
[WhiteFideId "2146584"]
[BlackFideId "2034360"]
[WhiteElo "1943"]
[BlackElo "1966"]
[Result "0-1"]
[Round "04"]
[TimeControl "180+2"]
[Date "2023.01.17"]
[WhiteClock "0:00:03"]
[BlackClock "0:00:58"]

1. d4 Nf6 2. c4 e6 3. Nc3 Bb4 4. e3 b6 5. Ne2 Ba6 6. a3 Bxc3+ 7. Nxc3 d5 8. cxd5 Bxf1 9. Kxf1 Nxd5 10. g3 O-O 11. Qf3 c6 12. Nxd5 cxd5 13. Bd2 Nc6 14. Kg2 e5 15. Rac1 e4 16. Qg4 f5 17. Qf4 Qd7 18. Bb4 Rf6 19. h4 a5 20. Bd2 Rg6 21. Rxc6 Rxc6 22. h5 h6 23. Bc3 Rf8 24. Rh4 Qd6 25. Qxd6 Rxd6 26. Rh1 Rc8 27. Rf1 Rdc6 28. f3 Rf8 29. f4 Rfc8 30. g4 fxg4 31. Kg3 Rxc3 32. bxc3 Rxc3 33. Kxg4 a4 34. Kf5 Rxa3 35. Rc1 Rb3 36. Kg6 Kf8 37. Rc8+ Ke7 38. Rc7+ Kd6 39. Rxg7 a3 40. Kxh6 b5 41. Rg6+ Kc7 42. Ra6 Kb7 43. Ra5 b4 44. Kg6 Rxe3 45. Rxd5 Kb6 46. Rd6+ Kb5 47. Rd5+ Ka4 48. h6 a2 49. Rd7 Rg3+ 50. Kf5 Rh3 51. Kg6 Kb3 52. Ra7 e3 53. h7 e2 54. h8=Q Rxh8 55. f5 e1=Q 0-1


[Site "https://www.chess.com"]

[Event "Titled Tuesday Blitz January 17 Late 2023"]
[White "Djordjevic, Dejan N"]
[Black "Dahl, Trygve"]
[WhiteFideId "913316"]
[BlackFideId "1513427"]
[WhiteElo "2167"]
[BlackElo "2206"]
[Result "0-1"]
[Round "04"]
[TimeControl "180+2"]
[Date "2023.01.17"]
[WhiteClock "0:00:02"]
[BlackClock "0:00:10"]

1. e4 c5 2. Nc3 a6 3. g3 b5 4. Bg2 Bb7 5. d3 e6 6. f4 d5 7. exd5 exd5 8. Nf3 Nf6 9. d4 b4 10. Ne2 Be7 11. O-O O-O 12. c3 c4 13. h3 Ne4 14. g4 Qa5 15. Qc2 b3 16. Qb1 bxa2 17. Rxa2 Qb6 18. Ne5 Re8 19. Nxc4 Qb5 20. Ne5 Qxe2 21. f5 Bf6 22. Bf4 Bxe5 23. dxe5 d4 24. cxd4 Qxg2+ 25. Kxg2 Nc3+ 26. Kg3 Nxb1 27. Rxb1 Bd5 28. Ra5 Rd8 29. Rba1 Nc6 30. Rxa6 Rxa6 31. Rxa6 Nxd4 32. Be3 Nb3 33. Kf4 h6 34. Rb6 Kh7 35. h4 Rc8 36. g5 h5 37. g6+ fxg6 38. Rxg6 Rc4+ 39. Kg3 Rg4+ 40. Rxg4 hxg4 41. Kxg4 Na5 42. b4 Nc4 43. Bd4 Bc6 44. Kg5 Nd2 45. Kf4 Kh6 46. e6 Nb3 47. Be5 Nc1 48. Ke3 Na2 49. Bd6 Nc3 50. Kd4 Na4 51. Bf8 Kh7 52. h5 Kg8 53. Bd6 Be8 0-1


[Site "https://www.chess.com"]

[Event "Titled Tuesday Blitz January 17 Late 2023"]
[White "Stead, Kerry"]
[Black "Belenkaya, Dina"]
[WhiteFideId "3202577"]
[BlackFideId "24142654"]
[WhiteElo "1908"]
[BlackElo "2267"]
[Result "0-1"]
[Round "04"]
[TimeControl "180+2"]
[Date "2023.01.17"]
[WhiteClock "0:00:22"]
[BlackClock "0:00:29"]

1. d4 Nf6 2. f3 d5 3. e4 c6 4. Nc3 dxe4 5. fxe4 Qb6 6. Nf3 Nbd7 7. a3 e6 8. Be3 Be7 9. b4 a5 10. Na4 Qc7 11. e5 Nd5 12. Bd2 axb4 13. axb4 Bxb4 14. c4 Ne3 15. Qb3 Bxd2+ 16. Nxd2 Nxf1 17. Rxf1 O-O 18. Ne4 Nxe5 19. dxe5 Qxe5 20. Qb1 f5 21. Nc3 fxe4 22. Rxf8+ Kxf8 23. Rxa8 Qxc3+ 24. Kd1 Qd4+ 25. Kc1 Qxc4+ 26. Qc2 Qf1+ 27. Kb2 Qb5+ 28. Kc1 Qg5+ 29. Kb1 Qb5+ 30. Kc1 Qg5+ 31. Kb1 Qd8 32. Qxe4 Ke7 33. Qh4+ Ke8 34. Qxh7 Qd1+ 35. Kb2 Qd2+ 36. Qc2 Qd4+ 37. Kb1 Kd7 38. h3 Kc7 39. Kc1 e5 40. Ra4 Qe3+ 41. Kb2 Be6 42. Re4 Qb6+ 43. Kc1 Bf5 44. g4 Bxe4 45. Qxe4 Qg1+ 46. Kc2 Qf2+ 47. Kc1 Qf4+ 48. Qxf4 exf4 49. h4 Kd6 50. h5 Ke5 51. g5 Kf5 52. h6 gxh6 53. gxh6 Kg6 54. Kd2 Kxh6 55. Ke2 Kg5 56. Kf3 Kf5 57. Kf2 b5 58. Ke2 b4 59. Kf3 c5 60. Ke2 b3 61. Kd3 c4+ 62. Kc3 Ke4 63. Kxc4 b2 64. Kc5 b1=Q 0-1


[Site "https://www.chess.com"]

[Event "Titled Tuesday Blitz January 17 Late 2023"]
[White "Sivakumar, Shaaketh"]
[Black "Desideri, Ricardo Maruchi"]
[WhiteFideId "30940176"]
[BlackFideId "2110440"]
[WhiteElo "2337"]
[BlackElo "1959"]
[Result "1-0"]
[Round "04"]
[TimeControl "180+2"]
[Date "2023.01.17"]
[WhiteClock "0:02:28"]
[BlackClock "0:01:14"]

1. Nf3 c5 2. b3 b6 3. Bb2 Bb7 4. g3 e6 5. Bg2 Be7 6. O-O Nf6 7. d4 cxd4 8. Nxd4 Bxg2 9. Kxg2 a6 10. c4 Qc8 11. Nd2 Qb7+ 12. Kg1 O-O 13. Qc2 d6 14. e4 Nbd7 15. Rad1 Rac8 16. Rfe1 d5 17. exd5 Nxd5 18. Qe4 N7f6 19. Qf3 e5 20. Nf5 e4 21. Nxe4 Nb4 22. Nxe7+ 1-0


[Site "https://www.chess.com"]

[Event "Titled Tuesday Blitz January 17 Late 2023"]
[White "Lindholt, Malik"]
[Black "Danielyan, Vahe"]
[WhiteFideId "1404490"]
[BlackFideId "13304828"]
[WhiteElo "2177"]
[BlackElo "2346"]
[Result "0-1"]
[Round "04"]
[TimeControl "180+2"]
[Date "2023.01.17"]
[WhiteClock "0:01:26"]
[BlackClock "0:02:17"]

1. e4 c5 2. Nf3 d6 3. d4 cxd4 4. Nxd4 Nc6 5. Nc3 Bd7 6. Be3 Nf6 7. f3 Rc8 8. Qd2 a6 9. g4 g6 10. O-O-O Bg7 11. h4 h5 12. gxh5 Nxh5 13. Bh3 Bxh3 14. Rxh3 Ne5 15. Qe2 Nc4 16. Bg1 Qb6 17. Nb3 Qb4 18. Bd4 Nxb2 19. Bxg7 Nxg7 20. Kxb2 Qxc3+ 21. Kb1 Ne6 22. Rd3 Qe5 23. Rd5 Qc3 24. Qh2 b5 25. h5 gxh5 26. Rdxh5 Rxh5 27. Rxh5 Kd7 28. f4 Qe1+ 29. Kb2 Qxe4 30. f5 Nc5 31. f6 Na4+ 32. Ka3 Rxc2 33. fxe7 Rxh2 0-1


[Site "https://www.chess.com"]

[Event "Titled Tuesday Blitz January 17 Late 2023"]
[White "Gardezi, Arsal"]
[Black "Ovezdurdyyeva, Jemal"]
[WhiteFideId "30949521"]
[BlackFideId "14001888"]
[WhiteElo "2093"]
[BlackElo "2078"]
[Result "1-0"]
[Round "04"]
[TimeControl "180+2"]
[Date "2023.01.17"]
[WhiteClock "0:00:25"]
[BlackClock "0:00:20"]

1. g3 Nf6 2. Bg2 e6 3. c4 d5 4. cxd5 exd5 5. d4 Be7 6. Nc3 O-O 7. Nf3 Bf5 8. O-O Qc8 9. Ne5 Bh3 10. Qb3 Bxg2 11. Kxg2 c6 12. Bg5 Nbd7 13. Rac1 h6 14. Bxf6 Nxf6 15. Rfe1 Rb8 16. Qa4 a6 17. e4 dxe4 18. Nxe4 Qf5 19. Nd2 Nd5 20. Ndf3 g5 21. Qc2 Qxc2 22. Rxc2 Rbd8 23. h4 Kg7 24. h5 Bd6 25. a3 Rfe8 26. Rce2 Re6 27. Nc4 Rde8 28. Rxe6 Rxe6 29. Rxe6 fxe6 30. Nxd6 1-0


[Site "https://www.chess.com"]

[Event "Titled Tuesday Blitz January 17 Late 2023"]
[White "ritanovikova"]
[Black "Mazurkiewicz, Michal"]
[BlackFideId "1124943"]
[WhiteElo "2148"]
[BlackElo "2145"]
[Result "0-1"]
[Round "04"]
[TimeControl "180+2"]
[Date "2023.01.17"]
[WhiteClock "0:00:01"]
[BlackClock "0:00:22"]

1. d4 Nf6 2. Bf4 g6 3. Nf3 Bg7 4. Nbd2 d5 5. e3 O-O 6. h3 c5 7. c3 Nc6 8. Be2 Qb6 9. Qc1 Bf5 10. g4 Be4 11. Nxe4 Nxe4 12. Nd2 e5 13. Nxe4 dxe4 14. dxe5 Nxe5 15. Bxe5 Bxe5 16. Qc2 Rad8 17. O-O Rfe8 18. Rad1 Bb8 19. Rxd8 Qxd8 20. Kg2 Qd6 21. Rh1 b6 22. Bc4 Kg7 23. Qb3 Re7 24. Qd1 Qe5 25. Qd5 Qc7 26. g5 Re5 27. Qd2 Rxg5+ 28. Kf1 Rf5 29. Ke1 Rf6 30. Ke2 Qe5 31. Rf1 Rd6 32. Qc2 Qh5+ 33. Ke1 f5 34. Be2 Qxh3 35. Qa4 Qh4 36. Qe8 Rd8 37. Qe6 Qf6 38. Qb3 Qd6 39. Qc2 b5 40. Rh1 c4 41. Kf1 Qd2 42. Qb1 a5 43. a4 bxa4 44. Bxc4 Qd1+ 45. Qxd1 Rxd1+ 46. Kg2 Rxh1 47. Kxh1 Bd6 48. Bb5 a3 49. bxa3 Bxa3 50. Ba4 Bc5 51. c4 g5 52. Kg2 Kf6 53. Bd7 Ke5 54. Bb5 f4 55. exf4+ gxf4 56. Kf1 f3 57. Ke1 h5 58. Kf1 h4 59. Kg1 h3 60. Bd7 h2+ 61. Kxh2 Bxf2 0-1


[Site "https://www.chess.com"]

[Event "Titled Tuesday Blitz January 17 Late 2023"]
[White "Zampronha, Wladimir Camilo"]
[Black "Vargas, Mauricio"]
[WhiteFideId "2103087"]
[BlackFideId "4404572"]
[WhiteElo "2176"]
[BlackElo "2035"]
[Result "1-0"]
[Round "04"]
[TimeControl "180+2"]
[Date "2023.01.17"]
[WhiteClock "0:01:34"]
[BlackClock "0:00:02"]

1. e4 c5 2. Nf3 d6 3. d4 cxd4 4. Nxd4 Nf6 5. Nc3 a6 6. Bg5 Nbd7 7. f4 g6 8. Qe2 h6 9. Bh4 Bg7 10. e5 dxe5 11. fxe5 Nh7 12. e6 Ndf6 13. exf7+ Kxf7 14. O-O-O Qc7 15. Qc4+ Qxc4 16. Bxc4+ e6 17. Rhf1 g5 18. Bg3 b5 19. Bb3 Re8 20. Ne4 Kg6 21. Nd6 Re7 22. Nxc8 Rxc8 23. Bxe6 Rc5 24. Bf5+ Kf7 25. Bxh7 Rec7 26. Bxc7 Rxc7 27. Kb1 Ke7 28. Nf5+ Kf7 29. Nxg7 Kxg7 30. Rxf6 Kxf6 31. Bd3 Re7 32. a4 1-0


[Site "https://www.chess.com"]

[Event "Titled Tuesday Blitz January 17 Late 2023"]
[White "Guevara Sanchez, Erick Marvin"]
[Black "Osmak, Yuliia"]
[WhiteFideId "6700136"]
[BlackFideId "14101602"]
[WhiteElo "2073"]
[BlackElo "2440"]
[Result "0-1"]
[Round "04"]
[TimeControl "180+2"]
[Date "2023.01.17"]
[WhiteClock "0:00:02"]
[BlackClock "0:00:15"]

1. e4 c6 2. d4 d5 3. exd5 cxd5 4. c4 Nf6 5. Nc3 Nc6 6. Nf3 e6 7. c5 g6 8. a3 Bg7 9. b4 O-O 10. Be2 Re8 11. b5 Na5 12. Bf4 Ne4 13. Qc2 f5 14. O-O a6 15. a4 Bd7 16. Nxe4 dxe4 17. Ne5 g5 18. Bd2 Bxe5 19. dxe5 h6 20. Qc3 b6 21. cxb6 axb5 22. axb5 Nb7 23. Qc7 Rxa1 24. Rxa1 Bc8 25. Bb4 Qd4 26. Qc3 Qxb6 27. Ra6 Qd8 28. Rc6 f4 29. h3 f3 30. gxf3 exf3 31. Bxf3 Bd7 32. Rc7 Bxb5 33. Rxb7 Bd3 34. Bh5 Be4 35. Bxe8 Bxb7 36. Ba4 Qd5 37. Kf1 Ba6+ 38. Ke1 Qe4+ 39. Qe3 Qxb4+ 0-1


[Site "https://www.chess.com"]

[Event "Titled Tuesday Blitz January 17 Late 2023"]
[White "Kozin, Yuri"]
[Black "Castellanos Hernandez, Emilio Au"]
[WhiteFideId "4129920"]
[BlackFideId "5114179"]
[WhiteElo "2251"]
[BlackElo "1964"]
[Result "1-0"]
[Round "04"]
[TimeControl "180+2"]
[Date "2023.01.17"]
[WhiteClock "0:01:04"]
[BlackClock "0:00:09"]

1. e4 e6 2. d4 d5 3. Nd2 c5 4. Ngf3 Nc6 5. exd5 exd5 6. Bb5 Qe7+ 7. Be2 Qc7 8. O-O cxd4 9. Nb3 Nf6 10. Bg5 Be7 11. Nfxd4 O-O 12. Bf3 Rd8 13. Bh4 a6 14. Bg3 Bd6 15. Re1 Ne5 16. c3 b6 17. Qc2 Bb7 18. Nf5 Nxf3+ 19. gxf3 Bxg3 20. hxg3 Bc8 21. Nbd4 Bxf5 22. Qxf5 Re8 23. Kg2 Qd6 24. Qg5 h6 25. Qxg7+ Kxg7 26. Nf5+ Kg6 27. Nxd6 Re6 28. Rxe6 fxe6 29. Re1 Rd8 30. Rxe6 h5 31. g4 hxg4 32. fxg4 Kg7 33. f3 b5 34. Nf5+ Kf7 35. Rxa6 Rd7 36. Rb6 b4 37. Rxb4 Kg6 38. Rb6 Kg5 39. Kg3 Rf7 40. f4+ Kg6 41. g5 Kh7 42. Rxf6 Rf8 43. Rxf8 Kg6 44. Rf6+ Kh7 45. Rd6 d4 46. Nxd4 Kg8 47. Rd7 Kf8 48. Rc7 Ke8 49. Nb5 Kd8 50. a4 Ke8 51. a5 Kd8 52. a6 Ke8 53. a7 Kd8 54. a8=Q# 1-0


[Site "https://www.chess.com"]

[Event "Titled Tuesday Blitz January 17 Late 2023"]
[White "Gavilan Diaz, Mario"]
[Black "Kohler, Aran"]
[WhiteFideId "2260905"]
[BlackFideId "1002856"]
[WhiteElo "2271"]
[BlackElo "2010"]
[Result "1-0"]
[Round "04"]
[TimeControl "180+2"]
[Date "2023.01.17"]
[WhiteClock "0:00:07"]
[BlackClock "0:00:02"]

1. d4 Nf6 2. c4 c5 3. d5 b5 4. Qc2 g6 5. b3 Bg7 6. Bb2 O-O 7. e4 bxc4 8. bxc4 d6 9. Nd2 Nbd7 10. Ngf3 Rb8 11. Bc3 Ng4 12. h3 Nge5 13. Nxe5 Bxe5 14. Be2 Bxc3 15. Qxc3 e5 16. O-O f5 17. f4 exf4 18. exf5 Qf6 19. Qxf6 Rxf6 20. fxg6 hxg6 21. Bg4 Ne5 22. Ne4 Rf8 23. Bxc8 Rbxc8 24. Nxd6 Rb8 25. Rae1 Nd3 26. Re7 a5 27. Ne4 Rb2 28. Rd1 Nb4 29. Nxc5 Rxa2 30. Ne6 Rf6 31. Rf1 Rc2 32. Rxf4 Rxf4 33. Nxf4 Rxc4 34. Nxg6 Nxd5 35. Re5 Nc3 36. Rxa5 Kg7 37. Ne5 Re4 38. Nf3 Re2 39. Kh2 Ne4 40. Re5 Nc3 41. Rc5 Ne4 42. Rc4 Kf6 43. h4 Nd6 44. Rf4+ Ke6 45. Ng5+ Ke5 46. Rf8 Ra2 47. Kh3 Nf5 48. Nf3+ Ke6 49. Re8+ Kf7 50. Re5 1-0


[Site "https://www.chess.com"]

[Event "Titled Tuesday Blitz January 17 Late 2023"]
[White "Cueto, Jonny"]
[Black "Herman, Daniel"]
[WhiteFideId "3300145"]
[BlackFideId "30935008"]
[WhiteElo "2122"]
[BlackElo "1956"]
[Result "0-1"]
[Round "04"]
[TimeControl "180+2"]
[Date "2023.01.17"]
[WhiteClock "0:00:02"]
[BlackClock "0:00:08"]

1. d4 d5 2. Bf4 c5 3. e3 Nc6 4. Nf3 Bg4 5. Be2 e6 6. Nbd2 Bd6 7. Bg3 Nf6 8. O-O O-O 9. c3 Qe7 10. Ne5 Bxe2 11. Qxe2 Bxe5 12. Bxe5 Nxe5 13. dxe5 Nd7 14. Nf3 Rfd8 15. e4 Nb6 16. Rfd1 Rd7 17. a4 Rad8 18. a5 Nc8 19. exd5 exd5 20. Re1 d4 21. cxd4 cxd4 22. Nd2 d3 23. Qe3 b6 24. f4 bxa5 25. Rxa5 Nb6 26. f5 Rd5 27. e6 Rxa5 28. exf7+ Qxf7 29. Ne4 Rxf5 30. Ng5 Rxg5 31. Qxg5 Re8 32. Rf1 Qe7 33. Qh5 g6 34. Qd1 Qe3+ 35. Kh1 d2 36. h3 Nd5 37. b4 Nf4 38. b5 Nd3 39. Qb3+ Re6 40. Qxe6+ Qxe6 41. Rd1 Qe1+ 0-1


[Site "https://www.chess.com"]

[Event "Titled Tuesday Blitz January 17 Late 2023"]
[White "Floresvillar Gonzalez, Luis Migu"]
[Black "marik_spb"]
[WhiteFideId "5100542"]
[WhiteElo "2043"]
[BlackElo "2408"]
[Result "1-0"]
[Round "04"]
[TimeControl "180+2"]
[Date "2023.01.17"]
[WhiteClock "0:00:36"]
[BlackClock "0:00:06"]

1. d4 Nf6 2. Bf4 d5 3. Nd2 e6 4. e3 Bd6 5. Bd3 O-O 6. Ngf3 b6 7. Qe2 Bb7 8. Ne5 Nbd7 9. O-O Ne4 10. Nxe4 dxe4 11. Bb5 Nxe5 12. dxe5 Bc5 13. Rad1 Qc8 14. c3 c6 15. Bc4 b5 16. Bb3 a5 17. Rd2 Qc7 18. Rfd1 Rad8 19. Bc2 b4 20. Bxe4 Be7 21. c4 a4 22. b3 a3 23. h3 Bc8 24. Rd4 c5 25. R4d3 Rxd3 26. Rxd3 Rd8 27. Qd2 h6 28. Bg3 Rxd3 29. Qxd3 Qd7 30. Kf1 Qxd3+ 31. Bxd3 Bb7 32. f3 Kf8 33. Ke2 Ke8 34. Bf2 Kd7 35. h4 Bd8 36. g4 Bc7 37. f4 Bd8 38. g5 hxg5 39. hxg5 g6 40. e4 Be7 41. Be3 Kc7 42. Kf3 Kb6 43. Kg4 Bc8 44. f5 Kc6 45. f6 Bd8 46. Kf4 Bc7 47. Bf2 Bd7 48. Bg3 Be8 49. Ke3 Kb6 50. Bf4 Bc6 51. Be2 Be8 52. Bf3 Bd7 53. Bg4 Be8 54. Kd3 Bc6 55. Bxe6 Be8 56. Bg4 Kc6 57. Ke3 Bd7 58. e6 Be8 59. exf7 Bxf7 60. Bxc7 Kxc7 61. e5 Bxc4 62. bxc4 b3 63. f7 bxa2 64. f8=Q a1=Q 65. Qxc5+ Kb8 66. Qd6+ Ka7 67. Qc5+ Ka6 68. Bc8# 1-0


[Site "https://www.chess.com"]

[Event "Titled Tuesday Blitz January 17 Late 2023"]
[White "Mione, Dario"]
[Black "Ortega Ruiz, Jose Miguel"]
[WhiteFideId "806625"]
[BlackFideId "2209713"]
[WhiteElo "2228"]
[BlackElo "2351"]
[Result "1/2-1/2"]
[Round "04"]
[TimeControl "180+2"]
[Date "2023.01.17"]
[WhiteClock "0:02:33"]
[BlackClock "0:02:26"]

1. e4 c5 2. d4 cxd4 3. c3 d3 4. Bxd3 Nc6 5. c4 e6 6. Ne2 Nf6 7. b3 Bc5 8. O-O O-O 9. Nbc3 a6 10. Bb2 Nb4 11. Bb1 Nc6 12. Bd3 Nb4 13. Bb1 Nc6 14. Bd3 1/2-1/2


[Site "https://www.chess.com"]

[Event "Titled Tuesday Blitz January 17 Late 2023"]
[White "Stanisz, Patryk"]
[Black "Bambino Filho, Antonio Carlos"]
[WhiteFideId "1123106"]
[BlackFideId "2113163"]
[WhiteElo "2161"]
[BlackElo "2144"]
[Result "0-1"]
[Round "04"]
[TimeControl "180+2"]
[Date "2023.01.17"]
[WhiteClock "0:00:07"]
[BlackClock "0:00:11"]

1. e4 c5 2. Nf3 d6 3. Bb5+ Nc6 4. c3 Bd7 5. d4 cxd4 6. cxd4 g6 7. Nc3 Bg7 8. O-O a6 9. Bxc6 Bxc6 10. Be3 Nf6 11. d5 Bd7 12. a4 O-O 13. h3 b5 14. a5 b4 15. Bb6 Qb8 16. Na2 Nxe4 17. Nxb4 Bxb2 18. Rb1 Bg7 19. Bd4 Bb5 20. Nc6 Qc7 21. Bxg7 Kxg7 22. Qd4+ Nf6 23. Rfe1 Bxc6 24. Rbc1 Qxa5 25. dxc6 Rac8 26. Rxe7 Qd5 27. Qc3 Rfe8 28. Rxe8 Rxe8 29. c7 Rc8 30. h4 h6 31. g4 Rxc7 32. Qxc7 Qxf3 33. Qxd6 Qxg4+ 34. Qg3 Qf5 35. Ra1 Ne4 36. Qg2 Qf4 37. Ra4 Qc1+ 38. Qf1 Qf4 39. Qg2 Qc1+ 40. Qf1 Qc2 41. Rxa6 Nd2 42. Qa1+ Kh7 43. Ra7 Qf5 44. Qa2 Nf3+ 45. Kf1 Ne5 46. Qd5 Kg7 47. f3 Qh3+ 48. Ke2 Qg2+ 49. Ke3 Qg1+ 50. Ke2 Qxa7 51. Qxe5+ Kh7 52. Qf6 Qd7 53. Kf2 Kg8 54. h5 Qd2+ 55. Kg3 Qe1+ 56. Kg2 Qe6 57. Qd8+ Kg7 58. hxg6 Qxg6+ 59. Kf2 Qf6 60. Qd4 Qxd4+ 61. Kg3 Qf6 62. Kf2 Kg6 63. Kg3 Kf5 64. Kh3 Qg5 65. f4 Qg4+ 66. Kh2 Kxf4 67. Kh1 Kf3 68. Kh2 Qg2# 0-1


[Site "https://www.chess.com"]